 Dungeon Crawl Stone Soup version 0.31-a0-986-g5e6e4ef867 (webtiles) character file.

Game seed: 6353252101191818330

23 Danienth the Ruffian (level 2, -1/27 HPs)
             Began as a Troll Shapeshifter on Nov 8, 2023.
             Slain by a gnoll
             ... wielding a +0 halberd
              (9 damage)
             ... on level 2 of the Dungeon.
             The game lasted 00:01:03 (584 turns).

Danienth the Ruffian (Troll Shapeshifter)            Turns: 584, Time: 00:01:04

Health: -1/27      AC:  4    Str: 21    XL:     2   Next: 75%
Magic:  1/1        EV:  9    Int:  6    God:
Gold:   35         SH:  0    Dex:  9    Spells: 1/1 levels left

rFire   . .          .
                       - Unarmed
rCold   . . .        (no shield)
rNeg    . . .        a - +0 animal skin
rPois   .            (helmet currently unavailable)
rElec   .            (cloak currently unavailable)
rCorr   .            (gloves unavailable)
SInv    .            (boots unavailable)
Will    .....        (no amulet)
Stlth   +            (no ring)
HPRegen 1.04/turn    (no ring)
MPRegen 0.07/turn

%: no passive effects
@: beast-form
A: beast (slay +1), large, unfitting armour, claws 3, regeneration 1, shaggy fur
1, tough skin 1
a: Begin Untransformation


You were on level 2 of the Dungeon.
You were a hulking beast.
You visited 1 branch of the dungeon, and saw 2 of its levels.

You collected 35 gold pieces.

Inventory:

Armour
 a - a +0 animal skin (worn)
Talismans
 c - a beast talisman
 d - a flux talisman
Scrolls
 g - a scroll of amnesia {unknown}
Potions
 b - a potion of lignification
 e - a potion of curing {unknown}
 f - a potion of berserk rage {unknown}


   Skills:
 * Level 1.6 Fighting
 - Level 1.5 Dodging
 * Level 3.5 Unarmed Combat
 - Level 3.0 Shapeshifting


You had one spell level left.
You didn't know any spells.
Your spell library was empty.

Dungeon Overview and Level Annotations

Branches:
Dungeon (1/15)

Altars:
Zin


Innate Abilities, Weirdness & Mutations

You are a hulking beast.
Your limbs bulge with bestial killing power. (Slay +1)
You are too large for most types of armour.
You have claws for hands.
Your natural rate of healing is unusually fast.
You are covered in fur. (AC +1)
You have tough skin. (AC +1)


Message History

No target in view!
No target in view!
You start resting.
HP restored.
You start waiting.
Done waiting.
Found a faded altar of an unknown god.
A hobgoblin comes into view.
The hobgoblin shouts!
An adder comes into view.
The hobgoblin closely misses you.
You closely miss the adder. The adder bites you but does no damage.
The hobgoblin hits you but does no damage.
You scratch the adder.
The adder is lightly wounded.
The adder closely misses you. The hobgoblin barely misses you.
You claw the adder!
You kill the adder!
The hobgoblin barely misses you.
You claw the hobgoblin!
You kill the hobgoblin!
No target in view!
No target in view!
There is a faded altar of an unknown god here.
This altar belongs to (a) Zin, (b) Trog or (c) Cheibriados, but you can't tell which.
Press the corresponding letter to learn more about a god, or press enter to convert or escape to cancel.
Zin says: How dare you approach in such a loathsome form!
You now have 26 gold pieces (gained 7).
You now have 35 gold pieces (gained 9).
g - a scroll labelled UTYWEEXK WAICI A gnoll comes into view.
It is wielding a +0 halberd.
A gnoll comes into view. It is wielding a +2 spear of venom.
The gnoll closely misses you. The gnoll attacks as it pursues you!
The gnoll hits you from afar with a +0 halberd!
The gnoll attacks as it pursues you!
The gnoll hits you from afar with a +0 halberd!
* * * LOW HITPOINT WARNING * * *
The gnoll attacks as it pursues you!
The gnoll hits you from afar with a +0 halberd!
You die...

#### g.# #.#
..#.#########.#
.........h.g..#
.....#####.#######
#....#.....#..#
#.#...........##
+.#.........#.##
#...........#.# .
#.....≈.....#.#
..#....≈.≈....#.#
####.#....≈_≈....#.#


You could see a gnoll.

Vanquished Creatures
  An adder (D:2)
  A worm (D:2)
  2 bats (D:1)
  A goblin (D:1)
  A hobgoblin (D:2)
  2 quokkas
  A kobold (D:1)
  3 rats (D:1)
12 creatures vanquished.

Notes
Turn   | Place    | Note
-------+----------+-------------------------------------------
     0 | D:1      | Danienth the Troll Shapeshifter began the quest for the
                  | Orb.
     0 | D:1      | Reached XP level 1. HP: 18/18 MP: 0/0
    63 | D:1      | Reached skill level 1 in Fighting
   389 | D:1      | You fall into a shaft and drop 1 floor!
   425 | D:2      | Reached XP level 2. HP: 19/27 MP: 1/1
   538 | D:2      | Found a faded altar of an unknown god.
   550 | D:2      | Prayed at the altar of an unknown god.
   584 | D:2      | Slain by a gnoll

Illustrated notes

Levels and vault maps discovered:
D:1:      minmay_arrival_checkered_box, layout_basic
D:2:      layout_basic, shapermc_ecumenical_altar_starsandcircs,
          chequers_decorated_corner, kennysheep_small_spiral, hex_tiny,
          hangedman_abyss_or_decor_lesser_grid

Skill      XL: |  1 |
---------------+----+-----
Fighting       | 1 |  1.6
Dodging        | |  1.5
Unarmed Combat | |  3.5
Shapeshifting  | |  3.0

Action                     || total
---------------------------++-------
  Melee: Unarmed           ||    30
 Armour: Animal skin       ||    26
  Dodge: Dodged            ||    12

Table legend: (Time is in decaauts)
 A = Elapsed time spent in this place.
 B = Non-inter-level travel time spent in this place.
 C = Inter-level travel time spent in this place.
 D = Time resting spent in this place.
 E = Time spent auto-exploring this place.
 F = Levels seen in this place.
 G = Mean time per level.
                   A        B        C        D        E       F      G
               +--------+--------+--------+--------+--------+-----+--------+
         Total |    582 |    582 |      0 |    107 |    397 |   2 |  291.0 |
       Dungeon |    582 |    582 |      0 |    107 |    397 |   2 |  291.0 |
               +--------+--------+--------+--------+--------+-----+--------+

Top non-repeatable levels by time:
     D:1: 388 daAuts
     D:2: 193 daAuts
